 Dungeon Crawl Stone Soup version 0.18-a0-1109-gfc003ac (webtiles) character file.

6267 gorblad the Nimble (level 10, -1/104 HPs)
             Began as a Troll Monk on Jan 17, 2016.
             Was an Elder of Dithmenos.
             Slain by a troll (13 damage)
             ... on level 9 of the Dungeon.
             The game lasted 00:22:51 (8130 turns).

gorblad the Nimble (Troll Monk)                     Turns: 8130, Time: 00:22:51

Health: -1/104     AC: 12    Str: 22      XL:     10   Next: 62%
Magic:  9/9        EV: 15    Int:  8 (9)  God:    Dithmenos [****..]
Gold:   503        SH:  0    Dex: 14      Spells: 0 memorised, 9 levels left

rFire  . . .     SeeInvis .       - Unarmed
rCold  . . .     Gourm    +     j - +2 animal skin
rNeg   . . .     Faith    .     (no shield)
rPois  .         Spirit   .     (helmet restricted)
rElec  .         Dismiss  .     o - +2 cloak
rCorr  .         Reflect  .     (gloves unavailable)
SustAt .         Harm     .     (boots unavailable)
MR     .....                    h - amulet of regeneration
Stlth  +++.......               i - +2 ring of protection
                                t - +3 ring of intelligence

@: wreathed by umbra, not resistant to hostile enchantments, fairly stealthy
A: unfitting armour, claws 3, fast metabolism 3, gourmand, regeneration 2,
shaggy fur 1, tough skin 2
a: Shadow Step, Renounce Religion


You were on level 9 of the Dungeon.
You worshipped Dithmenos.
Dithmenos was greatly pleased with you.
You were hungry.

You visited 3 branches of the dungeon, and saw 11 of its levels.
You also visited: Sewer.

You collected 551 gold pieces.
You spent 48 gold pieces at shops.

Inventory:

Armour
 j - a +2 animal skin (worn)
 o - a +2 cloak (worn)
Jewellery
 h - an amulet of regeneration (around neck)
 i - a +2 ring of protection (right claw)
 t - a +3 ring of intelligence (left claw)
 w - an uncursed ring of wizardry
Wands
 d - a wand of lightning (13/15)
 m - a wand of cold (4/15)
 u - a wand of confusion (39/48)
 A - a wand of lightning (10/15)
Scrolls
 a - 2 scrolls of enchant weapon
 c - 3 scrolls of teleportation
 e - 2 scrolls of enchant armour
 f - a scroll of fear
 v - a scroll of identify
 z - a scroll of fog
 D - 2 scrolls of remove curse
 F - a scroll of blinking
Potions
 g - 2 potions of ambrosia
 l - 2 potions of mutation
 n - 2 potions of magic
 p - 5 potions of flight
 q - 3 potions of brilliance
 s - 5 potions of curing
Books
 x - a Necronomicon

   Spells                             Type                      Level
   a - Haunt                          Necromancy/Summoning         7
   b - Borgnjor's Revivification      Necromancy                   8
   c - Death's Door                   Charms/Necromancy            8
   d - Necromutation                  Transmutation/Necromancy     8
 C - a book of the Dragon

   Spells                             Type                      Level
   a - Flame Tongue                   Conjuration/Fire             1
   b - Cause Fear                     Hexes                        4
   c - Bolt of Fire                   Conjuration/Fire             6
   d - Dragon Form                    Transmutation                7
   e - Dragon's Call                  Summoning                    9
Comestibles
 b - 8 bread rations
 k - 4 meat rations


   Skills:
 - Level 8.1 Fighting
 - Level 9.6 Dodging
 + Level 5.3 Stealth
 - Level 4.0 Unarmed Combat


You had 9 spell levels left.
You didn't know any spells.

Dungeon Overview and Level Annotations

Branches:
Dungeon (9/15)             Temple (1/1) D:5             Orc (1/2) D:9
   Lair: D:8-11

Altars:
Ashenzari
Cheibriados
Dithmenos
Elyvilon
Fedhas
Gozag
Kikubaaqudgha
Makhleb
Nemelex Xobeh
Okawaru
Pakellas
Qazlal
Ru
Sif Muna
Trog
Vehumet
Xom
Yredelemnul
Zin
The Shining One

Shops:
D:4 ?


Innate Abilities, Weirdness & Mutations

You are too large for most types of armour.
You have claws for hands.
Your metabolism is lightning-fast.
You like to eat raw meat.
You heal very quickly.
You are covered in fur (AC +1).
You have very tough skin (AC +2).


Message History

You scratch the troll.
The troll is moderately wounded.
Your shadow hits the troll. The troll barely misses you.
The troll misses you. x2
You scratch the troll.
The troll is moderately wounded.
The troll closely misses you. The troll claws you but does no damage.
The troll claws you.
* * * LOW HITPOINT WARNING * * *
You claw the troll!
The troll is heavily wounded.
The troll closely misses you. x2
The troll claws you.
* * * LOW HITPOINT WARNING * * *
You claw the troll!
The troll is severely wounded.
The troll bites you but does no damage. The troll claws you but does no damage.
The troll closely misses you.
You closely miss the troll.
The troll is severely wounded.
The troll bites you!
You die...

#....................#.#.#######
#.....####..###...#..#..........
#.....###.....#..)#..###........
#.............#...#...........#.
###.##.###.._..........(.........
#......<.>.................♣♣♣...
....##..#................♣♣♣ ♣...
#.#........#..#####........♣♣♣...
#.#...........oT@..........♣♣....
#.#........##..####.#............
#.#..##....##..# ##'#'#########..
#.#..##.#...#..###.....########..
#.#....####...T.####.............
#....###.....8.o...#....###'####.
#......#...........#..(...(().(((
#....##.............<....#)).....
#....#..8....>....8....#(#.......


You could see a troll and an orc warrior.

Vanquished Creatures
  An orc high priest (D:9)
  Psyche (D:9)
  An efreet (D:8)
  Sigmund (D:5)
  A wyvern (D:8)
  A hungry ghost (D:9)
  A warg (D:9)
  The ghost of gorblad the Conjurer, an amateur DECj (D:3)
  A water moccasin (D:6)
  Duvessa (D:5)
  3 orc warriors
  4 ogres
  7 ice beasts
  A sky beast (D:8)
  A centaur (D:5)
  Blork the orc (D:4)
  4 big kobolds
  6 giant frogs
  3 scorpions
  Dowan (D:5)
  4 wights
  2 electric eels (D:9)
  2 crimson imps
  A giant frog zombie (D:7)
  A quasit (D:9)
  4 orc priests
  4 hounds
  4 jellies
  A giant frog skeleton (D:8)
  Jessica (D:3)
  2 iguanas
  10 orc wizards
  5 worker ants
  Terence (D:3)
  2 hound zombies
  A worker ant zombie (D:8)
  Robin (D:2)
  8 adders
  24 gnolls
  6 shadow imps
  An ooze (D:4)
  2 adder skeletons
  5 adder zombies
  9 giant geckos
  37 orcs
  4 ball pythons
  10 bats
  8 giant cockroaches
  2 gnoll zombies (D:4)
  24 hobgoblins
  16 jackals
  4 quokkas
  A giant gecko skeleton (D:8)
  3 giant newts
  33 goblins
  A jackal skeleton (D:5)
  24 kobolds
  4 rats
  A bush (D:3)
314 creatures vanquished.

Vanquished Creatures (others)
  A human (D:7)
  An orc (D:8)
  A kobold (D:9)
3 creatures vanquished.

Grand Total: 317 creatures vanquished

Notes
Turn   | Place    | Note
--------------------------------------------------------------
     0 | D:1      | gorblad the Troll Monk began the quest for the Orb.
     0 | D:1      | Reached XP level 1. HP: 22/22 MP: 0/0
   137 | D:1      | Reached XP level 2. HP: 29/29 MP: 1/1
   824 | D:2      | Reached XP level 3. HP: 32/37 MP: 2/2
   893 | D:2      | Found a shattered altar of Ashenzari.
  1109 | D:2      | Noticed Robin
  1122 | D:2      | Reached XP level 4. HP: 30/48 MP: 3/3
  1129 | D:2      | Killed Robin
  1417 | D:3      | Noticed gorblad's ghost (amateur DECj)
  1433 | D:3      | Killed gorblad's ghost
  1433 | D:3      | Reached skill level 5 in Fighting
  1433 | D:3      | Reached XP level 5. HP: 27/57 MP: 4/4
  1513 | D:3      | Noticed an ogre
  1520 | D:3      | Killed an ogre
  1520 | D:3      | Reached XP level 6. HP: 49/67 MP: 5/5
  1534 | D:3      | Found a white marble altar of Elyvilon.
  1554 | D:3      | Noticed Jessica
  1558 | D:3      | Killed Jessica
  1687 | D:3      | Found a deep blue altar of Sif Muna.
  1690 | D:3      | Found a glowing golden altar of the Shining One.
  1778 | D:3      | Found a glowing drain.
  1786 | Sewer    | Entered a sewer
  1800 | Sewer    | Reached skill level 6 in Fighting
  2535 | D:3      | Noticed Terence
  2541 | D:3      | Killed Terence
  2707 | D:3      | Reached XP level 7. HP: 62/76 MP: 6/6
  2885 | D:3      | Reached skill level 7 in Fighting
  2907 | D:3      | HP: 2/78 [gnoll/spear (2)]
  3331 | D:4      | Noticed Blork the orc
  3349 | D:4      | Killed Blork the orc
  3349 | D:4      | Reached skill level 8 in Fighting
  3592 | D:4      | Found Cineimn's Magic Scroll Boutique.
  3597 | D:4      | Reached XP level 8. HP: 88/88 MP: 7/7
  3599 | D:4      | Bought a scroll of identify for 24 gold pieces
  3599 | D:4      | Bought a scroll of identify for 24 gold pieces
  3724 | D:4      | Found a basalt altar of Yredelemnul.
  3852 | D:4      | Found a sparkling altar of Nemelex Xobeh.
  3894 | D:5      | Entered Level 5 of the Dungeon
  3951 | D:5      | Noticed Sigmund
  3965 | D:5      | Killed Sigmund
  4327 | D:5      | Noticed Dowan
  4330 | D:5      | Noticed Duvessa
  4338 | D:5      | Killed Dowan
  4338 | D:5      | Reached skill level 5 in Dodging
  4347 | D:5      | Killed Duvessa
  4468 | D:5      | Found a staircase to the Ecumenical Temple.
  4528 | Temple   | Entered the Ecumenical Temple
  4723 | Temple   | Became a worshipper of Dithmenos the Shadowed
  4723 | Temple   | Reached * piety under Dithmenos
  4723 | Temple   | Reached ** piety under Dithmenos
  5089 | D:6      | Reached XP level 9. HP: 43/96 MP: 8/8
  5725 | D:7      | Found an ancient bone altar of Kikubaaqudgha.
  6060 | D:7      | Found a sparkling altar of Nemelex Xobeh.
  6483 | D:8      | Reached *** piety under Dithmenos
  6501 | D:8      | Noticed an efreet
  6518 | D:8      | Killed an efreet
  6518 | D:8      | Reached skill level 9 in Dodging
  6787 | D:8      | Found a radiant altar of Vehumet.
  7145 | D:9      | Found a staircase to the Orcish Mines.
  7151 | D:9      | Reached XP level 10. HP: 104/104 MP: 9/9
  7199 | D:9      | Reached **** piety under Dithmenos
  7307 | D:9      | Found an opulent altar of Gozag.
  7308 | D:9      | Noticed Psyche
  7318 | D:9      | Killed Psyche
  7686 | D:9      | Found a blossoming altar of Fedhas.
  8088 | Orc:1    | Entered Level 1 of the Orcish Mines
  8090 | Orc:1    | Noticed an orc high priest
  8096 | Orc:1    | Noticed an orc sorcerer
  8123 | D:9      | Killed an orc high priest
  8123 | D:9      | Reached skill level 5 in Stealth
  8130 | D:9      | Slain by a troll

Vault maps used:
D:1:      dpeg_arrival_tiny_d
D:2:      nicolae_overflow_crystal_walls, uniq_robin
D:3:      minmay_goblin_kobold_castle, grunt_temple_overflow_open,
          lightli_sewer_entry_pipes, lexackson_kobold_supper, uniq_jessica,
          uniq_terence
D:4:      lemuel_zombie_altar_yredelemnul, serial_shops, shop,
          nemelex_lonely_heart_becter, uniq_blork_the_orc
D:5:      minmay_temple_entry_trees, first_bread, minmay_misc_feat_enclosed,
          uniq_sigmund, uniq_duvessa
D:6:      lemuel_ice_spiral_2, grunt_ministairs_12
D:7:      lemuel_doored_altar, tgw_kikubaaqudgha
D:8:      hangedman_cross_stitches, vehumet_crystals
D:9:      minmay_twisted_water, fedhas_altar_1, david_orc_2, basic_altar,
          uniq_psyche
Temple:   chambers_temple_12
Sewer:    sewer_fruit_machine

Action                   |  1- 3 |  4- 6 |  7- 9 | 10-12 || total
-------------------------+-------+-------+-------+-------++-------
Melee: Unarmed           |    76 |   264 |   548 |   214 ||  1102
  Use: Scroll            |       |    10 |    21 |       ||    31
       Potion            |       |       |     9 |       ||     9
 Stab: Sleeping          |     6 |     3 |    10 |     2 ||    21
       Distracted        |       |       |     1 |     1 ||     2
  Eat: Chunk             |    16 |    16 |    41 |     6 ||    79
